 Dungeon Crawl Stone Soup version 0.16-a0-113-gc8d9654 (webtiles) character file.

7844 PolkaDot the Bewitcher (level 11, 0/68 HPs)
             Began as a Vampire Enchanter on Aug 11, 2014.
             Was a Follower of Ashenzari.
             Killed from afar by an electric eel (8 damage)
             ... with a bolt of electricity
             ... on Level 9 of the Dungeon.
             The game lasted 00:45:55 (12763 turns).

PolkaDot the Bewitcher (Vampire Enchanter)         Turns: 12763, Time: 00:45:55

HP   0/68        AC  8     Str  7      XL: 11   Next:  2%
MP   8/17        EV  9     Int 20      God: Ashenzari [*.....]
Gold 465         SH  4     Dex 14      Spells:  5 memorised,  2 levels left

rFire  + . .     SeeInvis +     a - +4 dagger (curse)
rCold  + + .     Clarity  +     v - +1 leather armour {rF+} (curse)
rNeg   + + +     rCorr    .     g - +1 buckler {AC+3} (curse)
rPois  +         rRot     +     A - +0 helmet (curse)
rElec  .         Spirit   .     b - +0 cloak (curse)
SustAb +         Warding  .     f - +2 pair of gloves {archery} (curse)
rMut   .         Stasis   .     j - +0 pair of boots (curse)
Gourm  .                        l - cursed amulet of clarity
MR     +....                    (no ring)
                                u - cursed ring of sustain abilities

@: about to teleport, corroded equipment, bloodless, non-regenerating, somewhat
resistant to hostile enchantments, extremely stealthy
A: bottle blood, fangs 3, see invisible, unbreathing
a: Bat Form, Bottle Blood, Renounce Religion


You were on level 9 of the Dungeon.
You worshipped Ashenzari.
Ashenzari was aware of your devotion.
You were bloodless.

You visited 2 branches of the dungeon, and saw 10 of its levels.
You also visited: Sewer.

You collected 523 gold pieces.
You spent 58 gold pieces at shops.

Inventory:

Hand weapons
 a - a cursed +4 dagger (weapon)
Armour
 b - a cursed +0 cloak (worn)
 f - a cursed +2 pair of gloves of archery (worn)
 g - a cursed +1 buckler of protection (worn)
 j - a cursed +0 pair of boots (worn)
 v - a cursed +1 leather armour of fire resistance (worn)
 A - a cursed +0 helmet (worn)
Magical devices
 o - a wand of confusion (5) {unknown}
 E - a wand of random effects (20) {unknown}
Scrolls
 d - 3 scrolls of immolation
 e - 3 scrolls of curse armour
 m - 2 scrolls of recharging
 n - 3 scrolls of teleportation
 p - a scroll of acquirement {unknown}
 q - 4 scrolls of noise {unknown}
 r - 3 scrolls of enchant armour {unknown}
 s - 2 scrolls of magic mapping
 t - 2 scrolls of fog {unknown}
 w - a scroll of brand weapon {unknown}
 x - 2 scrolls of identify
 y - 2 scrolls of amnesia {unknown}
 B - 6 scrolls of curse weapon
 D - a scroll of remove curse
Jewellery
 l - a cursed amulet of clarity (around neck)
 u - a cursed ring of sustain abilities (left hand)
Potions
 h - 3 potions of curing
 i - 3 potions of cancellation
 k - 4 potions of brilliance
 z - a potion of flight
 C - a potion of might
Books
 c - a book of Maledictions

   Spells                             Type                      Level
   *Corona                            Hexes                        1
   *Sure Blade                        Hexes/Charms                 2
   *Ensorcelled Hibernation           Hexes/Ice                    2
   *Confuse                           Hexes                        3
   Dazzling Spray                     Conjuration/Hexes            3
   *Enslavement                       Hexes                        4
 F - a book of Ice

   Spells                             Type                      Level
   Metabolic Englaciation             Hexes/Ice                    5
   Ozocubu's Refrigeration            Ice                          6
   Bolt of Cold                       Conjuration/Ice              6
   Freezing Cloud                     Conjuration/Ice/Air          6
   Simulacrum                         Ice/Necromancy               6


   Skills:
 + Level 9.5 Short Blades
 - Level 2.1 Dodging
 + Level 13.2 Stealth
 - Level 2.0 Spellcasting
 * Level 16.3 Hexes
 - Level 1.3 Ice Magic


You had 2 spell levels left.
You knew the following spells:

 Your Spells              Type           Power        Failure   Level  Hunger
a - Corona                Hex            ######.      1%          1    #......
b - Sure Blade            Hex/Chrm       ####......   1%          2    ##.....
c - Confuse               Hex            ######..     1%          3    ###....
d - Ensorcelled Hibernat  Hex/Ice        #####.       1%          2    ##.....
e - Enslavement           Hex            ######..     1%          4    #####..


Dungeon Overview and Level Annotations

Branches:
Dungeon (9/15)             Temple (1/1) D:7
    Orc: D:9-12        Lair: D:8-11

Altars:
Ashenzari
Cheibriados
Dithmenos
Elyvilon
Fedhas
Gozag
Kikubaaqudgha
Makhleb
Nemelex Xobeh
Okawaru
Qazlal
Sif Muna
Trog
Vehumet
Xom
Yredelemnul
The Shining One

Shops:
D:9 (


Innate Abilities, Weirdness & Mutations

You do not heal naturally.
You can bottle blood from corpses.
You have razor-sharp teeth.
You have supernaturally acute eyesight.
You can survive without breathing.


Message History

The brown ugly thing easily resists.
The electric eel shoots out a bolt of electricity!
The bolt of electricity hits you!
* * * LOW HITPOINT WARNING * * *
You block the troll's attack. The troll barely misses you.
You block the troll's attack.
The brown ugly thing tentacle-slaps you.
* * * LOW HITPOINT WARNING * * *
You are splashed with acid!
The acid corrodes your equipment!
The acid burns!
* * * LOW HITPOINT WARNING * * *
Read which item? (? for menu, Esc to quit)
Okay, then.
Drink which item? (? for menu, Esc to quit)
Okay, then.
Read which item? (? for menu, Esc to quit)
As you read the scroll of teleportation, it crumbles to dust.
You feel strangely unstable.
The electric eel shoots out a bolt of electricity!
The bolt of electricity hits you!
You die...

#.....................
#.....................
#.........(............
≈≈≈≈≈≈≈≈≈≈≈≈≈≈≈≈.≈≈≈≈≈≈≈≈
≈≈≈≈≈≈≈≈≈≈≈####≈.≈≈≈≈≈≈≈≈
≈≈≈≈≈≈≈≈≈≈≈#.T#≈.≈####≈≈≈
≈≈≈≈≈≈≈≈≈≈≈#.TTTTT'..#
≈≈≈≈≈≈≈≈≈≈####≈T≈#..#
≈≈≈≈≈≈≈≈≈≈≈≈≈≈@≈# ##
.?≈≈≈≈≈≈≈≈≈≈≈u≈≈≈≈≈≈;≈
..................
..........%....
...............
.........!... .>#######..
. .


You could see a brown ugly thing, 7 trolls and an electric eel.

Vanquished Creatures
  A deep troll (D:9)
  A flayed ghost (D:8)
  Pikel (D:7)
  A two-headed ogre (D:9)
  5 wraiths (D:8)
  Eustachio (D:5)
  2 hippogriffs
  2 fire bats (D:8)
  Menkaure (D:5)
  A sky beast (D:5)
  A water moccasin (D:6)
  3 ice beasts
  2 orc warriors
  A phantom (D:7)
  A black bear (D:8)
  7 ogres
  The ghost of Deemzul the Insei, an average OpMo (D:3)
  2 centaurs
  Sigmund (D:5)
  A necrophage (D:8)
  The ghost of runewalsh the Chiller, an average OpIE (D:4)
  A big kobold (D:6)
  3 giant frogs
  A gnoll sergeant (D:6)
  6 killer bees (D:8)
  A scorpion (D:7)
  A troll skeleton (D:7)
  3 electric eels (D:9)
  A goliath beetle (D:9)
  3 crimson imps
  7 hounds
  9 wights
  A giant frog skeleton (D:6)
  A gnoll shaman (D:6)
  A black bear zombie (D:7)
  7 orc priests
  11 orc wizards
  3 iguanas
  A jelly (D:8)
  5 worker ants
  A killer bee zombie (D:6)
  Ijyb (D:5)
  A mottled dragon zombie (D:8)
  A mummy (D:6)
  8 gnolls
  A scorpion zombie (D:5)
  A green rat (D:3)
  5 giant mites
  12 adders
  A shadow imp (D:6)
  A steam dragon skeleton (D:7)
  2 worms
  An adder skeleton (D:4)
  2 adder zombies
  An orc skeleton (D:6)
  4 giant geckos
  2 oozes
  27 orcs
  A bat zombie (D:7)
  6 giant cockroaches
  10 goblins
  17 hobgoblins
  5 jackals
  A quokka (D:6)
  3 ball pythons
  23 bats
  12 giant newts
  A hobgoblin zombie (D:9)
  35 kobolds
  A kobold zombie (D:5)
  A quokka zombie (D:9)
  20 rats
  A rat skeleton (D:5)
312 creatures vanquished.

Vanquished Creatures (collateral kills)
  A hound (D:6)
  A gnoll (D:6)
  A hobgoblin (D:6)
3 creatures vanquished.

Vanquished Creatures (others)
  A scorpion (D:7)
  An orc priest (D:7)
  A bat skeleton (D:7)
3 creatures vanquished.

Grand Total: 318 creatures vanquished

Notes
Turn   | Place    | Note
--------------------------------------------------------------
     0 | D:1      | PolkaDot, the Vampire Enchanter, began the quest for the Orb.
     0 | D:1      | Reached XP level 1. HP: 13/13 MP: 3/3
   296 | D:1      | Reached XP level 2. HP: 19/19 MP: 2/4
   300 | D:1      | Learned a level 2 spell: Ensorcelled Hibernation
   400 | D:1      | Reached skill level 1 in Ice Magic
   676 | D:1      | Reached XP level 3. HP: 22/24 MP: 6/6
   978 | D:1      | Noticed an ice beast
  1383 | D:1      | Learned a level 3 spell: Confuse
  1453 | D:1      | Killed an ice beast
  1453 | D:1      | Reached skill level 5 in Stealth
  1453 | D:1      | Reached skill level 6 in Hexes
  1453 | D:1      | Reached XP level 4. HP: 30/30 MP: 4/7
  1516 | D:1      | Reached XP level 5. HP: 35/35 MP: 6/9
  1852 | D:2      | Found a shadowy altar of Dithmenos.
  2329 | D:3      | Found a glowing drain.
  2329 | D:3      | Noticed Deemzul's ghost (average OpMo)
  2353 | D:3      | Reached skill level 7 in Hexes
  2361 | D:3      | Killed Deemzul's ghost
  2361 | D:3      | Reached XP level 6. HP: 32/41 MP: 2/10
  2375 | Sewer    | Entered a sewer
  3464 | D:4      | Noticed runewalsh's ghost (average OpIE)
  3477 | D:4      | Killed runewalsh's ghost
  3477 | D:4      | Reached skill level 8 in Hexes
  3565 | D:4      | Reached XP level 7. HP: 41/46 MP: 0/12
  4181 | D:4      | Found an opulent altar of Gozag.
  4268 | D:4      | Reached skill level 5 in Short Blades
  4268 | D:4      | Reached skill level 9 in Hexes
  4275 | D:4      | Learned a level 4 spell: Enslavement
  4481 | D:5      | Entered Level 5 of the Dungeon
  4719 | D:5      | Noticed Sigmund
  4721 | D:5      | Killed Sigmund
  4908 | D:5      | Noticed Menkaure
  4928 | D:5      | Killed Menkaure
  4928 | D:5      | Reached skill level 10 in Hexes
  4928 | D:5      | Reached XP level 8. HP: 50/52 MP: 10/13
  4969 | D:5      | Noticed Eustachio
  4975 | D:5      | Killed Eustachio
  5059 | D:5      | Reached skill level 11 in Hexes
  5235 | D:5      | Noticed Ijyb
  5239 | D:5      | Killed Ijyb
  5804 | D:6      | Reached skill level 12 in Hexes
  5902 | D:6      | Reached XP level 9. HP: 35/57 MP: 1/14
  6346 | D:6      | Reached skill level 10 in Stealth
  6798 | D:6      | Learned a level 2 spell: Sure Blade
  7225 | D:6      | Found a white marble altar of Elyvilon.
  7260 | D:6      | Reached skill level 13 in Hexes
  7814 | D:7      | Noticed Pikel
  7834 | D:7      | Killed Pikel
  8124 | D:7      | Found a staircase to the Ecumenical Temple.
  8140 | Temple   | Entered the Ecumenical Temple
  8356 | Temple   | Became a worshipper of Ashenzari the Shackled
  8534 | D:7      | Reached skill level 14 in Hexes
  9073 | D:7      | Reached XP level 10. HP: 63/63 MP: 13/16
  9188 | D:7      | Identified the ring of the Iron Devil {MP+9 Slay-4}
  9363 | D:7      | Found a shimmering altar of Xom.
 10086 | D:8      | Found a deep blue altar of Sif Muna.
 10255 | D:8      | Found a snail-covered altar of Cheibriados.
 10305 | D:8      | Found a white marble altar of Elyvilon.
 10331 | D:8      | Found a burning altar of Makhleb.
 10404 | D:8      | Reached skill level 15 in Hexes
 10665 | D:8      | Found a blossoming altar of Fedhas.
 10887 | D:8      | Found a snail-covered altar of Cheibriados.
 11069 | D:8      | Noticed a flayed ghost
 11070 | D:8      | Identified the -1 war axe "Buacaon" {holy, rN+ Str+3}
 11072 | D:8      | Killed a flayed ghost
 11841 | D:8      | Reached skill level 16 in Hexes
 12042 | D:8      | Identified the +5 long sword of the Forsaken Tales {distort, rC+}
 12400 | D:9      | Found Bubifit's Antique Weapon Boutique.
 12404 | D:9      | Bought a runed dagger for 58 gold pieces
 12476 | D:9      | Found an ancient bone altar of Kikubaaqudgha.
 12748 | D:9      | Noticed a brown ugly thing
 12756 | D:9      | Noticed a deep troll
 12761 | D:9      | Killed a deep troll
 12761 | D:9      | Reached XP level 11. HP: 44/68 MP: 10/17
 12763 | D:9      | Killed from afar by an electric eel

Action                   |  1- 3 |  4- 6 |  7- 9 | 10-12 || total
-------------------------+-------+-------+-------+-------++-------
Melee: Dagger            |    86 |   150 |   295 |   212 ||   743
 Cast: Corona            |     4 |       |     1 |     1 ||     6
       Ensorcelled Hiber |     6 |    33 |   110 |    56 ||   205
       Confuse           |     1 |     4 |    10 |    25 ||    40
       Enslavement       |       |       |     5 |     4 ||     9
  Use: Scroll            |       |    12 |     7 |    10 ||    29
       Potion            |       |     2 |    14 |     1 ||    17
 Stab: Sleeping          |     9 |    40 |    82 |    58 ||   189
       Confused          |     2 |     2 |     9 |    12 ||    25
       Distracted        |       |     1 |     1 |     2 ||     4
